 Dungeon Crawl Stone Soup version 0.28.0 (webtiles) character file.

Game seed: 11245740807190846675

45463 AmazingTV the Tortoise (level 14, 0/129 HPs)
             Began as a Minotaur Fighter on July 4, 2022.
             Was the Champion of Okawaru.
             Slain by an eight-headed hydra (8 damage)
             ... on level 6 of the Lair of Beasts.
             The game lasted 01:20:35 (18519 turns).

AmazingTV the Tortoise (Minotaur Fighter)          Turns: 18519, Time: 01:20:35

Health: 0/129      AC: 17    Str: 21    XL:     14   Next: 1%
Magic:  16/18      EV: 15    Int: 11    God:    Okawaru [******]
Gold:   1048       SH:  0    Dex: 21    Spells: 13/13 levels left

rFire   + . .      SeeInvis .   a - +8 quick blade of Fortitude {flame, rPois rF+ Will+ Dex+4, shortrare=g}
rCold   . . .      Faith    .   F - orb {mayhem}
rNeg    + . .      Spirit   .   w - +0 steam dragon scales
rPois   +          Reflect  .   (helmet restricted)
rElec   .          Harm     .   n - +0 cloak
rCorr   .          Rampage  .   S - +0 pair of gloves
Will    ++...                   C - +0 pair of boots
Stlth   ++++++....              A - amulet of regeneration
HPRegen 1.11/turn               m - ring of positive energy
MPRegen 0.16/turn               q - +6 ring of intelligence

@: heroic, studying Armour
A: horns 2, retaliatory headbutt, iridescent scales 1, agile 1
a: Renounce Religion, Heroism, Finesse, Duel


You were on level 6 of the Lair of Beasts.
You worshipped Okawaru.
Okawaru was exalted by your worship.
You visited 3 branches of the dungeon, and saw 19 of its levels.
You also visited: Bailey.

You collected 1048 gold pieces.


Innate Abilities, Weirdness & Mutations

You have a pair of horns on your head.
You reflexively headbutt those who attack you in melee.
You are partially covered in iridescent scales. (AC +2)
You are agile. (Dex +2)


   Skills:
 + Level 13.3(18.3) Fighting
 + Level 12.1(18.7) Short Blades
 + Level 11.5(19.1) Long Blades
 + Level 16.1(21.1) Armour
 + Level 10.0(15.0) Stealth
 - Level 3.6(8.6) Shields
 + Level 7.7 Invocations


You had 13 spell levels left.
You didn't know any spells.
Your spell library contained the following spells:

 Spells                   Type           Power      Damage    Failure   Level
 Beastly Appendage        Tmut           0%         N/A       34%         1
 Scorch                   Fire           0%         2d5       47%         2
 Sublimation of Blood     Necr           0%         N/A       47%         2
 Wereblood                Tmut           0%         N/A       47%         2
 Confusing Touch          Hex            0%         N/A       71%         3
 Gell's Gravitas          Tloc           0%         N/A       71%         3
 Lesser Beckoning         Tloc           0%         N/A       71%         3
 Spider Form              Tmut/Pois      0%         N/A       71%         3
 Teleport Other           Tloc           0%         N/A       71%         3
 Flame Wave               Conj/Fire      0%         2d4       98%         4
 Yara's Violent Unravell  Hex/Tmut       0%         3d3       100%        5
 Dispersal                Tloc           0%         N/A       100%        6
 Enfeeble                 Hex            0%         N/A       100%        7
 Disjunction              Tloc           0%         N/A       100%        8
 Summon Cactus Giant      Summ           Unusable   N/A       N/A         6
 Summon Hydra             Summ           Unusable   N/A       N/A         7

Inventory:

Hand Weapons
 a - the +8 quick blade of Fortitude (weapon) {flame, rPois rF+ Will+ Dex+4, shortrare=g}
   (Okawaru gifted it to you on level 3 of the Lair of Beasts)

   It burns those it strikes, dealing additional fire damage.
   Dex:       It affects your dexterity (+4).
   rF:        It protects you from fire.
   rPois:     It protects you from poison.
   Will:      It increases your willpower.
 b - a +4 scimitar {long}
   (You took it off Blork the orc on level 9 of the Dungeon)
 k - the +8 rapier of Okawaru's Indignation {freeze, rElec rF+ rC+ Str+3 Int+5, short}
   (Okawaru gifted it to you on level 4 of the Lair of Beasts)

   It freezes those it strikes, dealing additional cold damage.
   It can also slow down cold-blooded creatures.
   Str:       It affects your strength (+3).
   Int:       It affects your intelligence (+5).
   rF:        It protects you from fire.
   rC:        It protects you from cold.
   rElec:     It insulates you from electricity.
 D - a +1 antimagic executioner's axe {axerare=g}
   (Okawaru gifted it to you on level 5 of the Lair of Beasts)
 E - a +2 vorpal great sword {long}
   (Okawaru gifted it to you on level 6 of the Lair of Beasts)
 L - a +2 vorpal flail {mace}
   (You took it off Edmund on level 5 of the Dungeon)
 O - a +3 vorpal dire flail {mace}
   (Okawaru gifted it to you on level 6 of the Lair of Beasts)
 U - a +7 rapier of protection {short}
   (Okawaru gifted it to you on level 10 of the Dungeon)
 V - a +0 triple sword of protection {longrare=g}
   (You found it in a bailey)
 W - a +0 shortbow {bow}
   (You took it off a centaur on level 7 of the Dungeon)
Missiles
 e - 189 bolts
 h - 412 stones
 j - 204 sling bullets
 l - 307 arrows
 u - 19 poisoned darts (quivered)
 J - 38 javelins
 X - 2 atropa-tipped darts
Armour
 c - a +0 buckler
 n - a +0 cloak (worn)
   (You found it on level 1 of the Dungeon)
 t - the +1 leather armour of Plog {*Corrode +Inv Str+4 Slay+2}
   (You found it on level 12 of the Dungeon)

   Str:       It affects your strength (+4).
   Slay:      It affects your accuracy & damage with ranged weapons and melee
   (+2).
   +Inv:      It lets you turn invisible.
   *Corrode:  It may corrode you when you take damage.
 w - +0 steam dragon scales (worn)
   (You found it on level 8 of the Dungeon)
 C - a +0 pair of boots (worn)
   (You found it on level 4 of the Dungeon)
 F - an orb of mayhem (worn)
   (You found it on level 1 of the Lair of Beasts)
 S - a +0 pair of gloves (worn)
   (You found it on level 6 of the Dungeon)
Jewellery
 m - a ring of positive energy (left hand)
   (You found it on level 1 of the Dungeon)
 q - a +6 ring of intelligence (right hand)
   (You found it on level 2 of the Dungeon)
 x - a ring of protection from fire
   (You found it on level 3 of the Dungeon)
 A - an amulet of regeneration (around neck)
   (You found it on level 4 of the Dungeon)
 N - a ring of fire
   (You found it on level 2 of the Lair of Beasts)
 T - a ring of ice
   (You found it on level 7 of the Dungeon)
 Z - a ring of willpower
   (You found it on level 3 of the Lair of Beasts)
Wands
 H - a wand of digging (12)
   (You found it on level 5 of the Dungeon)
Scrolls
 f - 4 scrolls of identify {@r1}
 g - 3 scrolls of enchant armour {unknown}
 i - 7 scrolls of teleportation {@r4}
 s - 3 scrolls of amnesia {unknown}
 v - 3 scrolls of blinking {unknown}
 y - 3 scrolls of fog {unknown}
 I - 3 scrolls of holy word
Potions
 d - 3 potions of might
 o - 3 potions of curing {@q1}
 r - a potion of berserk rage {!q}
 z - 2 potions of resistance
 B - 4 potions of haste {@q3}
 G - a potion of invisibility {unknown}
 K - 2 potions of mutation {!q}
 M - a potion of cancellation
 Q - 4 potions of lignification {!q}
 R - 5 potions of flight
 Y - a potion of ambrosia {unknown}

Dungeon Overview and Level Annotations

Branches:
Dungeon (12/15)            Temple (1/1) D:5            Lair (6/6) D:10
 Spider (0/4) Lair:4        Slime (0/5) Lair:5       Bailey (visited)
  Swamp: Lair:2-4    Shoals: Lair:2-4       Orc: D:9-12

Altars:
Ashenzari
Cheibriados
Dithmenos
Elyvilon
Fedhas
Gozag
Hepliaklqana
Kikubaaqudgha
Makhleb
Nemelex Xobeh
Okawaru
Qazlal
Ru
Sif Muna
Trog
Uskayaw
Vehumet
Wu Jian
Xom
Yredelemnul
Zin
The Shining One
Beogh

Shops:
D:10

(=[
.#.†.†....#†.......##
#.#...#†...#†...##..#
#######..####$†##..##
#..# ##†...#$# ....#
#†.†..## ....##
##.†..)# .....##
##.†....# .#.##
#......## ##
#.#.)@(.# ####.#D#.#
##.#†## ## ..# ...#
....# .....# ....##
#...#


You could see a neutral eight-headed hydra (fast, strong, insane).


Message History

You have reached level 14! 😕 HP[+6] MP[+1]
You now have 129 max hp (+7).
You regained 6 hp, and now have 97/129 hp.
Your mp is fully restored (18).
The hell hound closely misses the warg. x2
The hell hound completely misses the warg. 😕 HP[+1]
The hell hound bites the warg.
The warg closely misses you.
The hell hound bites the warg!
The warg barely misses the hell hound.
You hear a roar! 😕 HP[+1]
You hear a howl!
The hell hound closely misses the warg. x2; The warg completely misses you.
The warg bites the hell hound!!
An eight-headed hydra comes into view.
You hear a bark! x3 😕 HP[+1]
The hell hound barely misses the warg.
The warg bites you.
The warg bites the hell hound.
The hell hound bites the warg!
The warg dies!
Okawaru accepts your kill. 😮 HP[-4]
You take 4 damage, and now have 96/129 hp.
You puncture the eight-headed hydra! You burn the eight-headed hydra.
You headbutt the eight-headed hydra.
The hell hound barks!
The warg barely misses you. You furiously retaliate!
You headbutt the warg! You puncture the eight-headed hydra!
You burn the eight-headed hydra.
The hell hound bites the eight-headed hydra. 😕 HP[+1]
You puncture the eight-headed hydra! You burn the eight-headed hydra.
The eight-headed hydra bites you. x2; The eight-headed hydra bites you!
The eight-headed hydra bites you but does no damage.
The eight-headed hydra bites you.
The eight-headed hydra bites you but does no damage.
The eight-headed hydra bites you! x2
* * * LOW HITPOINT WARNING * * *
😨 HP[-39]
You take 39 damage, and now have 58/129 hp.
MASSIVE DAMAGE!! (PAUSE)
You gain the combat prowess of a mighty hero.
The hell hound barely misses the eight-headed hydra.
The warg barely misses you.
The hell hound bites the eight-headed hydra!
The warg barely misses you.
The eight-headed hydra bites the hell hound! x2
The hell hound dies!
The eight-headed hydra bites you but does no damage.
The eight-headed hydra misses you. x2
The eight-headed hydra closely misses you.
The eight-headed hydra bites you!
* * * LOW HITPOINT WARNING * * *
The eight-headed hydra misses you. 😨 HP[-6] MP[-2]
You take 6 damage, and now have 52/129 hp.
You lost 2 mp, and now have 16/18 mp.
You hit the warg. You burn the warg. You closely miss the warg.
You headbutt the warg. The warg bites you!
* * * LOW HITPOINT WARNING * * *
😨 HP[-7]
You take 7 damage, and now have 45/129 hp.
You puncture the warg! You burn the warg.
You kill the warg!
Okawaru accepts your kill.
The eight-headed hydra flies into a frenzy!
The eight-headed hydra bites you!!
* * * LOW HITPOINT WARNING * * *
The eight-headed hydra completely misses you.
The eight-headed hydra closely misses you.
The eight-headed hydra misses you.
The eight-headed hydra bites you but does no damage.
The eight-headed hydra bites you!
* * * LOW HITPOINT WARNING * * *
The eight-headed hydra bites you!
* * * LOW HITPOINT WARNING * * *
The eight-headed hydra bites you but does no damage.
You hear a howl! 😱 HP[-42]
You take 42 damage, and now have 3/129 hp.
MASSIVE DAMAGE!! (PAUSE)
You feel much better. The eight-headed hydra misses you. x2
The eight-headed hydra bites you but does no damage. x3
The eight-headed hydra bites you!
* * * LOW HITPOINT WARNING * * *
The eight-headed hydra barely misses you.
The eight-headed hydra bites you!
* * * LOW HITPOINT WARNING * * *
😱 HP[+5]
You regained 5 hp, and now have 8/129 hp.
You feel much better.
The eight-headed hydra closely misses you.
The eight-headed hydra barely misses you.
The eight-headed hydra bites you!
* * * LOW HITPOINT WARNING * * *
The eight-headed hydra bites you!
* * * LOW HITPOINT WARNING * * *
The eight-headed hydra bites you but does no damage. x2
The eight-headed hydra bites you!
You die...

Skill      XL: |  1  2  3  4  5  6  7  8  9 10 11 12 13 |
---------------+----------------------------------------+-----
Fighting       | 4 5 6 7 9 10 11 12 13 | 13.3
Armour         | 4 5 6 7 9 10 12 14 16 | 16.1
Stealth        | 1 2 3 4 5 6 7 8 9 10 | 10.0
Short Blades   | 3 4 5 6 7 9 10 11 12 | 12.1
Long Blades    | 3 5 7 8 10 11 | 11.5
Invocations    | 2 4 6 7 |  7.7
Shields        | |  3.6

Action                   |  1- 3 |  4- 6 |  7- 9 | 10-12 | 13-15 || total
-------------------------+-------+-------+-------+-------+-------++-------
Melee: Rapier            |    64 |   134 |   299 |   564 |    56 ||  1117
       Headbutt          |     5 |    28 |    62 |   184 |   112 ||   391
       Scimitar          |       |       |       |   116 |       ||   116
       Quick blade       |       |       |       |   115 |   327 ||   442
 Fire: Shortbow          |       |       |   108 |       |       ||   108
Throw: Dart              |       |     2 |       |     3 |       ||     5
       Javelin           |       |       |       |     1 |       ||     1
Invok: Heroism           |       |       |     2 |    10 |     8 ||    20
       Finesse           |       |       |       |     2 |     1 ||     3
  Use: Scroll            |       |       |     4 |    13 |     5 ||    22
       Potion            |       |       |     2 |     2 |     3 ||     7
 Stab: Sleeping          |       |       |       |    32 |     5 ||    37
       Distracted        |       |       |       |     2 |     2 ||     4
Armor: Scale mail        |    31 |    42 |   182 |    68 |       ||   323
       Steam dragon scal |       |       |       |   257 |   128 ||   385
Dodge: Dodged            |    35 |    42 |   205 |   257 |   152 ||   691
Block: Buckler           |    12 |    29 |    65 |    84 |       ||   190

Levels and vault maps discovered:
D:1:      lemuel_arrival_river_bridge, layout_loops_ring,
          minmay_misc_feat_rugged
D:2:      layout_basic, ebering_ecumenical_altar_mist, st_stairs_2,
          serial_park_tiny_1
D:3:      layout_basic, minmay_fractal_squares_5
D:4:      layout_loops_ring
D:5:      layout_basic, minmay_temple_entry_stoned_glass, uniq_edmund
D:6:      layout_basic, mainiacjoe_overflow_tiny_flanked
D:7:      layout_loops_cross, enter_bailey_4, kennysheep_minor_cross,
          grunt_ministairs_9, hangedman_glass_teeth, serial_bayou_lake_a,
          uniq_harold
D:8:      layout_rooms
D:9:      layout_gridville, special_room [special_room_orc], sword_in_stone
D:10:     layout_stronghold, lair_entry_dummy, kennysheep_nondescript,
          nicolae_wooded_promenade
D:11:     layout_loops_corners, kb_lookout_dungeons_type,
          kennysheep_generic_room_12
D:12:     layout_stronghold, minmay_orc_entry_temple_small,
          nicolae_figureground_sparkle
Temple:   nicolae_temple_the_god_donut
Lair:1:   layout_roguey
Lair:2:   minmay_guarded_unrand_snakebite, layout_regular_city,
          elwin_shoals_entry_rooms
Lair:3:   layout_regular_city, kennysheep_catoblepas_arena, grunt_megastairs_4,
          serial_bayou_shore_b
Lair:4:   layout_cave_pods, nicolae_spider_entry_non_spiders,
          nicolae_lair_grazing_beasts [nicolae_sub_lair_graze_edge,
          nicolae_sub_lair_graze_edge, nicolae_sub_lair_graze_edge,
          nicolae_sub_lair_graze_edge]
Lair:5:   layout_long_grid, nicolae_slime_entry_slimehenge,
          eino_house_with_fridge
Lair:6:   wormcave, layout_gridlike, hangedman_lair_caniforms_friends,
          nicolae_quartered_pool_little, infiniplex_staircase_pool_2

Notes
Turn   | Place    | Note
-------+----------+-------------------------------------------
     0 | D:1      | AmazingTV the Minotaur Fighter began the quest for the Orb.
     0 | D:1      | Reached XP level 1. HP: 19/19 MP: 0/0
     0 | D:1      | magus.rc [v1.9.6]
   172 | D:1      | Reached XP level 2. HP: 27/27 MP: 1/1
   343 | D:1      | Reached skill level 4 in Fighting
   547 | D:1      | Reached skill level 4 in Armour
   547 | D:1      | Reached skill level 1 in Stealth
   872 | D:2      | Reached XP level 3. HP: 23/33 MP: 2/2
  1096 | D:2      | Found a faded altar of an unknown god.
  1149 | D:2      | Reached skill level 3 in Short Blades
  1307 | D:2      | Reached XP level 4. HP: 40/40 MP: 3/3
  1742 | D:3      | Reached XP level 5. HP: 43/47 MP: 4/4
  1899 | D:3      | Reached skill level 2 in Stealth
  2088 | D:3      | Identified the +1 robe of Taviu {Int+3}
  2363 | D:3      | Noticed a sky beast
  2377 | D:3      | Killed a sky beast
  2378 | D:3      | Reached skill level 5 in Fighting
  2378 | D:3      | Reached skill level 5 in Armour
  2378 | D:3      | Reached XP level 6. HP: 26/56 MP: 5/5
  2988 | D:4      | Noticed an orc warrior
  3006 | D:4      | Killed an orc warrior
  3007 | D:4      | Reached skill level 4 in Short Blades
  3373 | D:4      | Reached skill level 3 in Stealth
  3408 | D:4      | You pick up a book of Changes and begin reading...
  3408 | D:4      | You add the spells Beastly Appendage, Wereblood and Spider
                  | Form to your library.
  3549 | D:4      | Reached XP level 7. HP: 58/62 MP: 6/6
  3608 | D:4      | Reached skill level 6 in Fighting
  3608 | D:4      | Reached skill level 6 in Armour
  3857 | D:4      | Reached skill level 5 in Short Blades
  4100 | D:5      | Entered Level 5 of the Dungeon
  4166 | D:5      | Reached skill level 4 in Stealth
  4166 | D:5      | Reached XP level 8. HP: 71/71 MP: 7/7
  4250 | D:5      | Reached skill level 7 in Fighting
  4250 | D:5      | Reached skill level 7 in Armour
  4300 | D:5      | You pick up a book of Misfortune and begin reading...
  4300 | D:5      | You add the spells Confusing Touch, Yara's Violent
                  | Unravelling and Enfeeble to your library.
  4307 | D:5      | Found a staircase to the Ecumenical Temple.
  4320 | Temple   | Entered the Ecumenical Temple
  4632 | Temple   | Became a worshipper of Warmaster Okawaru
  4943 | D:5      | Noticed Edmund
  4944 | D:5      | You pick up a book of Displacement and begin reading...
  4944 | D:5      | You add the spells Lesser Beckoning, Gell's Gravitas and
                  | Teleport Other to your library.
  4959 | D:5      | Killed Edmund
  4960 | D:5      | Reached skill level 6 in Short Blades
  4960 | D:5      | Reached skill level 1 in Long Blades
  5322 | D:6      | Found an ornate altar of the Wu Jian Council.
  5737 | D:6      | Reached skill level 2 in Long Blades
  6401 | D:7      | Reached skill level 5 in Stealth
  6415 | D:7      | Reached skill level 3 in Long Blades
  6415 | D:7      | Reached XP level 9. HP: 41/81 MP: 8/8
  6424 | D:7      | Reached * piety under Okawaru
  6513 | D:7      | Found a flagged portal.
  6581 | Bailey   | Entered a bailey
  6633 | Bailey   | Reached skill level 8 in Fighting
  6633 | Bailey   | Reached skill level 8 in Armour
  6842 | Bailey   | Reached skill level 7 in Short Blades
  6842 | Bailey   | Reached skill level 4 in Long Blades
  7063 | Bailey   | Reached ** piety under Okawaru
  7335 | Bailey   | HP: 19/82 [centaur/javelin (9)]
  7349 | Bailey   | Reached skill level 5 in Long Blades
  7423 | Bailey   | Reached skill level 6 in Stealth
  7592 | Bailey   | Reached skill level 9 in Armour
  7668 | Bailey   | Reached *** piety under Okawaru
  7669 | Bailey   | Reached skill level 9 in Fighting
  8127 | D:7      | Acquired a manual of Armour
  8140 | D:7      | Gained mutation: You are partially covered in iridescent
                  | scales. (AC +2) [potion of mutation]
  8140 | D:7      | Gained mutation: Your spells are a little easier to cast,
                  | but a little less powerful. [potion of mutation]
  8140 | D:7      | Gained mutation: You are clumsy. (Dex -2) [potion of
                  | mutation]
  8228 | D:7      | Reached XP level 10. HP: 36/91 MP: 9/9
  8630 | D:7      | Noticed Harold
  8632 | D:7      | Paralysed by Harold for 6 turns
  8639 | D:7      | HP: 21/91 [wyvern (7)]
  8895 | D:7      | Reached skill level 8 in Short Blades
  9413 | D:7      | Paralysed by Harold for 3 turns
  9427 | D:7      | Paralysed by Harold for 5 turns
  9437 | D:7      | Killed Harold
  9438 | D:7      | Reached skill level 6 in Long Blades
  9438 | D:7      | Reached skill level 10 in Armour
  9539 | D:7      | Lost mutation: You are clumsy. (Dex -2) [potion of
                  | mutation]
  9539 | D:7      | Lost mutation: Your spells are a little easier to cast, but
                  | a little less powerful. [potion of mutation]
  9539 | D:7      | Gained mutation: You are agile. (Dex +2) [potion of
                  | mutation]
  9598 | D:8      | Reached **** piety under Okawaru
  9734 | D:8      | You pick up a book of Blood and begin reading...
  9741 | D:8      | You pick up a book of Displacement and begin reading...
  9998 | D:8      | You pick up a book of the Warp and begin reading...
  9998 | D:8      | You add the spells Dispersal and Disjunction to your
                  | library.
 10124 | D:9      | Noticed Blork the orc
 10124 | D:9      | Found the +7 Singing Sword {vorpal, sonic wave}
 10131 | D:9      | Killed Blork the orc
 10132 | D:9      | Reached skill level 1 in Invocations
 10197 | D:9      | Reached skill level 10 in Fighting
 10204 | D:9      | Reached skill level 7 in Long Blades
 10204 | D:9      | Reached skill level 7 in Stealth
 10205 | D:9      | Reached skill level 9 in Short Blades
 10622 | D:9      | Reached skill level 2 in Invocations
 10622 | D:9      | Reached XP level 11. HP: 58/99 MP: 11/11
 10852 | D:9      | Reached ***** piety under Okawaru
 10970 | D:10     | Entered Level 10 of the Dungeon
 11042 | D:10     | Noticed a two-headed ogre
 11049 | D:10     | Killed a two-headed ogre
 11050 | D:10     | Reached skill level 11 in Armour
 11203 | D:10     | Found Gyxze's Antique Armour Boutique.
 11285 | D:10     | Received a gift from Okawaru
 11462 | D:10     | Found Nurchenic's Weapon Boutique.
 11462 | D:10     | Found Xebeykliamy's Jewellery Shop.
 11653 | D:10     | You pick up a book of Scorching and begin reading...
 11653 | D:10     | You add the spells Scorch and Flame Wave to your library.
 11709 | D:10     | Paralysed by a hornet for 3 turns
 11775 | D:10     | Found a staircase to the Lair.
 12139 | D:11     | Reached skill level 3 in Invocations
 12622 | D:11     | Noticed a two-headed ogre
 12843 | D:11     | Killed a two-headed ogre
 12844 | D:11     | Reached skill level 8 in Long Blades
 12960 | D:11     | Noticed a five-headed hydra
 12969 | D:11     | Killed a five-headed hydra
 12970 | D:11     | Reached skill level 12 in Armour
 13110 | D:11     | Noticed a two-headed ogre
 13115 | D:11     | Killed a two-headed ogre
 13314 | D:12     | Received a gift from Okawaru
 13315 | D:12     | Reached skill level 11 in Fighting
 13315 | D:12     | Reached skill level 4 in Invocations
 13416 | D:12     | Identified the +1 leather armour of Plog {*Corrode +Inv
                  | Str+4 Slay+2}
 13457 | D:12     | Reached skill level 8 in Stealth
 13485 | D:12     | Reached skill level 10 in Short Blades
 13517 | D:12     | Noticed a deep elf pyromancer
 13698 | D:12     | Noticed a boulder beetle
 13705 | D:12     | Killed a boulder beetle
 13755 | D:12     | HP: 4/102 [very large slime creature (39)]
 13849 | D:12     | Noticed a skeletal warrior
 13849 | D:12     | Noticed a skeletal warrior
 13849 | D:12     | Noticed a skeletal warrior
 13921 | Lair:1   | Entered Level 1 of the Lair of Beasts
 14033 | Lair:1   | Reached XP level 12. HP: 103/110 MP: 14/14
 14365 | Lair:1   | Reached skill level 9 in Long Blades
 14545 | Lair:2   | Reached skill level 13 in Armour
 14700 | Lair:2   | Reached skill level 5 in Invocations
 14989 | Lair:2   | You fall into a shaft and drop 1 floor!
 15017 | Lair:3   | Noticed a seven-headed hydra
 15028 | Lair:3   | Killed a seven-headed hydra
 15028 | Lair:3   | Identified the +8 quick blade of Fortitude {flame, rPois
                  | rF+ Will+ Dex+4} (Okawaru gifted it to you on level 3 of
                  | the Lair of Beasts)
 15028 | Lair:3   | Received a gift from Okawaru
 15091 | Lair:3   | Noticed an eight-headed hydra
 15102 | Lair:3   | Killed an eight-headed hydra
 15214 | Lair:3   | Reached ****** piety under Okawaru
 15463 | Lair:3   | Reached skill level 12 in Fighting
 15931 | Lair:4   | Reached skill level 14 in Armour
 15973 | Lair:4   | Noticed a death yak
 15974 | Lair:4   | Noticed a death yak
 15974 | Lair:4   | Noticed a death yak
 16079 | Lair:4   | Noticed a dire elephant
 16096 | Lair:4   | Identified the +8 rapier of Okawaru's Indignation {freeze,
                  | rElec rF+ rC+ Str+3 Int+5} (Okawaru gifted it to you on
                  | level 4 of the Lair of Beasts)
 16096 | Lair:4   | Received a gift from Okawaru
 16097 | Lair:4   | Reached skill level 10 in Long Blades
 16122 | Lair:4   | Killed a dire elephant
 16123 | Lair:4   | Reached skill level 11 in Short Blades
 16123 | Lair:4   | Reached skill level 9 in Stealth
 16123 | Lair:4   | Reached skill level 6 in Invocations
 16638 | Lair:4   | Found a hole to the Spider Nest.
 16670 | Lair:5   | Killed a death yak
 16708 | Lair:5   | Found a staircase to the Slime Pits.
 16729 | Lair:5   | Reached XP level 13. HP: 118/118 MP: 16/16
 17295 | Lair:5   | Received a gift from Okawaru
 17579 | Lair:6   | Entered Level 6 of the Lair of Beasts
 17620 | Lair:6   | HP: 23/119 [four-headed hydra (11)]
 17624 | Lair:6   | Reached skill level 15 in Armour
 17803 | Lair:6   | Reached skill level 7 in Invocations
 17915 | Lair:6   | Reached skill level 11 in Long Blades
 17919 | Lair:6   | Received a gift from Okawaru
 18020 | Lair:6   | Reached skill level 13 in Fighting
 18346 | Lair:6   | Reached skill level 12 in Short Blades
 18396 | Lair:6   | Received a gift from Okawaru
 18458 | Lair:6   | Reached skill level 16 in Armour
 18481 | Lair:6   | Reached skill level 10 in Stealth
 18507 | Lair:6   | Reached XP level 14. HP: 97/129 MP: 18/18
 18517 | Lair:6   | HP: 26/129 [eight-headed hydra (19)]
 18517 | Lair:6   | HP: 3/129 [eight-headed hydra (16)]
 18519 | Lair:6   | Slain by an eight-headed hydra

Vanquished Creatures
  A dire elephant (Lair:4)
  Harold (D:7)
  6 hydras
  A boulder beetle (D:12)
  A catoblepas (Lair:6)
  3 two-headed ogres
  6 death yaks
  A necromancer (Lair:5)
  6 black mambas
  5 centaur zombies
  7 elephants
  7 cane toads
  A torpor snail (Lair:5)
  A gargoyle (D:12)
  An unseen horror (D:12)
  4 rime drakes
  3 komodo dragons
  10 polar bears
  2 trolls (D:11)
  5 blink frogs (Lair:1)
  2 raiju (Lair:6)
  A hornet (D:10)
  2 shadows (D:12)
  5 wyverns
  30 yaks
  A steam dragon (D:8)
  3 wargs (Lair:6)
  Edmund (D:5)
  16 water moccasins
  5 hell hounds (Lair:6)
  An acid dragon (D:10)
  A sky beast (D:3)
  14 orc warriors
  10 black bears
  3 ogres
  2 necrophages
  18 centaurs
  9 wolves
  Blork the orc (D:9)
  2 wyvern zombies
  9 bullfrogs
  3 gnoll sergeants
  3 scorpions
  6 killer bees
  6 wights
  5 electric eels
  7 howler monkeys
  A bullfrog zombie (D:7)
  A bullfrog skeleton (D:5)
  3 hounds
  10 orc priests
  5 jellies
  6 hell rats (Lair:3)
  3 iguanas
  19 orc wizards
  2 yak simulacra (Lair:5)
  5 wolf simulacra (Lair:5)
  A hound skeleton (D:5)
  2 howler monkey zombies
  10 adders
  3 gnolls (D:10)
  3 white imps
  A worm (D:3)
  2 dart slugs
  70 orcs
  6 ball pythons
  7 bats
  9 endoplasms
  4 giant cockroaches
  8 goblins
  4 hobgoblins
  3 jackals (D:1)
  5 quokkas
  5 frilled lizards
  5 kobolds
  10 rats
  4 river rat simulacra (Lair:5)
  A bush (D:11)
456 creatures vanquished.

Vanquished Creatures (collateral kills)
  A death yak (Lair:6)
  A cane toad (Lair:6)
  7 yaks
  A wyvern (Lair:6)
  A warg (Lair:6)
  A hell hound (Lair:6)
  2 black bears (Lair:6)
  2 wolves
  A jelly (Lair:5)
17 creatures vanquished.

Vanquished Creatures (others)
  A death yak (Lair:6)
  An elephant (Lair:6)
  A polar bear (Lair:6)
  3 yaks
  A hell hound (Lair:6)
  A black bear (Lair:6)
  3 orcs (Bailey)
  20 fungi
  60 plants
91 creatures vanquished.

Grand Total: 564 creatures vanquished

Table legend:
 A = Non-vault XP
 B = Vault XP
 C = Vault XP percentage of total XP
 D = Non-vault monster count
 E = Vault monster count
 F = Vault count percentage of total count
                 A         B        C        D         E       F
            +---------+---------+-------+---------+---------+-------
      Total |   49868 |   15080 |  23.2 |     325 |     150 |  31.6
            +---------+---------+-------+---------+---------+-------
        D:1 |      37 |       0 |   0.0 |      22 |       0 |   0.0
        D:2 |      67 |       3 |   4.3 |      14 |       2 |  12.5
        D:3 |     282 |      24 |   7.8 |      22 |       7 |  24.1
        D:4 |     802 |       0 |   0.0 |      25 |       0 |   0.0
        D:5 |     791 |     162 |  17.0 |      15 |       1 |   6.2
        D:6 |     331 |       0 |   0.0 |       4 |       0 |   0.0
        D:7 |    2071 |    1091 |  34.5 |      26 |      10 |  27.8
        D:8 |    1004 |       0 |   0.0 |      18 |       0 |   0.0
        D:9 |    1366 |     809 |  37.2 |      25 |      29 |  53.7
       D:10 |    3152 |       0 |   0.0 |      16 |       0 |   0.0
       D:11 |    4202 |     115 |   2.7 |      19 |       1 |   5.0
       D:12 |    2605 |       0 |   0.0 |      12 |       0 |   0.0
     Lair:1 |    2587 |       0 |   0.0 |      11 |       0 |   0.0
     Lair:2 |    2833 |       0 |   0.0 |      14 |       0 |   0.0
     Lair:3 |    4638 |    1268 |  21.5 |      20 |       2 |   9.1
     Lair:4 |    2699 |    1786 |  39.8 |      12 |       5 |  29.4
     Lair:5 |    5244 |     740 |  12.4 |      11 |      19 |  63.3
     Lair:6 |   15157 |    6721 |  30.7 |      39 |      36 |  48.0
     Bailey |       0 |    2361 | 100.0 |       0 |      38 | 100.0
            +---------+---------+-------+---------+---------+-------

Illustrated notes

Table legend:
 A = Kills in this place as a percentage of kills in entire the game.
 B = Kills by you in this place as a percentage of kills by you in the entire game.
 C = Kills by friends in this place as a percentage of kills by friends in the entire game.
 D = Other kills in this place as a percentage of other kills in the entire game.
 E = Experience gained in this place as a percentage of experience gained in the entire game.
 F = Experience gained in this place divided by the number of levels of this place that you have seen.
                   A       B       C       D       E      F
               +-------+-------+-------+-------+-------+----------------------
         Total | 100.0 | 100.0 | 100.0 | 100.0 | 100.0 | 3247.4
       Dungeon |  56.4 |  58.9 |   0.0 |   0.0 |  29.1 | 1576.2
          Lair |  35.6 |  32.7 | 100.0 | 100.0 |  67.2 | 7278.8
        Bailey |   8.0 |   8.4 |   0.0 |   0.0 |   3.6 | 2361.0
               +-------+-------+-------+-------+-------+----------------------

Table legend: (Time is in decaauts)
 A = Elapsed time spent in this place.
 B = Non-inter-level travel time spent in this place.
 C = Inter-level travel time spent in this place.
 D = Time resting spent in this place.
 E = Time spent auto-exploring this place.
 F = Levels seen in this place.
 G = Mean time per level.
                   A        B        C        D        E       F      G
               +--------+--------+--------+--------+--------+-----+--------+
         Total |  18054 |  16906 |   1148 |   2357 |  10591 |  20 |  902.7 |
       Dungeon |  11930 |  11154 |    776 |   1402 |   7521 |  12 |  994.2 |
        Temple |    363 |    179 |    184 |      0 |    177 |   1 |  363.0 |
          Lair |   4201 |   4014 |    187 |    608 |   2477 |   6 |  700.2 |
        Bailey |   1557 |   1557 |      0 |    347 |    416 |   1 | 1557.0 |
               +--------+--------+--------+--------+--------+-----+--------+

Top non-repeatable levels by time:
  Bailey: 1557 daAuts
     D:7: 1542 daAuts
     D:3: 1438 daAuts
    D:11: 1336 daAuts
     D:6: 1192 daAuts
    D:10: 1094 daAuts
     D:4: 986 daAuts
  Lair:3: 893 daAuts
  Lair:5: 864 daAuts
     D:1: 845 daAuts
     D:2: 845 daAuts
     D:9: 824 daAuts
     D:5: 819 daAuts
  Lair:6: 730 daAuts
  Lair:4: 680 daAuts
